 Dungeon Crawl Stone Soup version 0.31-a0-574-g69dc8cc98e (webtiles) character file.

Game seed: 3989175385554204421

13892 Fodor the Cleaver (level 11, -1/97 HPs)
             Began as a Minotaur Fighter on Aug 18, 2023.
             Was an Initiate of Gozag.
             Killed by divine providence
             ... invoked by a meliai
              (11 damage)
             ... on level 12 of the Dungeon.
             The game lasted 01:01:50 (9858 turns).

Fodor the Cleaver (Minotaur Fighter)                Turns: 9858, Time: 01:01:50

Health: -1/97      AC: 18    Str: 25    XL:     11   Next: 81%
Magic:  10/10      EV: 10    Int:  5    God:    Gozag
Gold:   1005       SH:  0    Dex: 10    Spells: 10/10 levels left

rFire   . . .        F - +7 halberd
rCold   . . .        (shield currently unavailable)
rNeg    . . .        b - +0 chain mail
rPois   .            (helmet restricted)
rElec   .            m - +2 cloak
rCorr   .            o - +0 pair of gloves
SInv    .            K - +0 pair of boots
Will    .....        D - amulet of regeneration Stlth
                     (no ring)
HPRegen 1.16/turn    (no ring)
MPRegen 0.12/turn

%: no passive effects
@: gold aura, slowed, very slow
A: horns 2, retaliatory headbutt
a: Renounce Religion, Potion Petition, Call Merchant, Bribe Branch


You were on level 12 of the Dungeon.
You worshipped Gozag.
Gozag was most pleased with you.
You visited 2 branches of the dungeon, and saw 13 of its levels.

You collected 1157 gold pieces.
You paid 152 gold pieces to Gozag.

Inventory:

Hand Weapons
 u - a +0 broad axe
 B - a +0 orcbow
 F - a +7 halberd (weapon)
Missiles
 k - 15 poisoned darts (quivered)
 w - a curare-tipped dart
Armour
 b - a +0 chain mail (worn)
 c - a +0 buckler
 m - a +2 cloak (worn)
 o - a +0 pair of gloves (worn)
 K - a +0 pair of boots (worn)
Jewellery
 n - a ring of protection from fire
 z - a +6 ring of intelligence
 D - an amulet of regeneration (around neck)
Talismans
 p - a granite talisman
Wands
 g - a wand of flame (8)
 s - a wand of light (16)
 H - a wand of digging (7)
 L - a wand of mindburst (23)
Scrolls
 j - a scroll of poison {unknown}
 l - a scroll of brand weapon {unknown}
 r - 4 scrolls of fog
 v - 3 scrolls of teleportation
 y - a scroll of enchant armour
 I - a scroll of vulnerability
 M - a scroll of butterflies
 N - a scroll of noise {unknown}
 O - a scroll of amnesia {unknown}
Potions
 a - a potion of cancellation {unknown}
 d - 3 potions of might
 e - 2 potions of enlightenment
 f - a potion of experience {unknown}
 i - 4 potions of attraction
 q - 3 potions of brilliance
 t - a potion of invisibility {unknown}
 x - a potion of berserk rage
 A - a potion of ambrosia
 C - a potion of haste {unknown}
 E - a potion of lignification {unknown}
 G - a potion of magic {unknown}
 J - 2 potions of degeneration {unknown}


   Skills:
 + Level 9.5 Fighting
 + Level 5.3 Long Blades
 + Level 12.6(13.5) Axes
 + Level 8.0(11.4) Polearms
 + Level 0.3 Throwing
 + Level 11.6 Armour
 + Level 4.5 Dodging
 + Level 1.9 Stealth
 + Level 7.7 Shields
 + Level 0.1 Evocations


You had 10 spell levels left.
You didn't know any spells.
Your spell library contained the following spells:

 Spells                   Type           Power      Damage    Failure   Level
 Slow                     Hex            0%         N/A       90%         1
 Ensorcelled Hibernation  Hex/Ice        0%         N/A       97%         2
 Confusing Touch          Hex            0%         N/A       99%         3
 Hailstorm                Conj/Ice       0%         3d3       99%         3
 Inner Flame              Hex/Fire       0%         N/A       99%         3
 Stone Arrow              Conj/Erth      0%         3d7       99%         3
 Vampiric Draining        Necr           0%         2d6       99%         3
 Anguish                  Hex/Necr       0%         N/A       100%        4
 Animate Armour           Summ/Erth      0%         N/A       100%        4
 Summon Ice Beast         Ice/Summ       0%         N/A       100%        4
 Summon Lightning Spire   Summ/Air       0%         N/A       100%        4
 Lee's Rapid Deconstruct  Erth           0%         3d4*      100%        5
 Yara's Violent Unravell  Hex/Tmut       0%         3d3       100%        5
 Enfeeble                 Hex            0%         N/A       100%        7
 Lehudib's Crystal Spear  Conj/Erth      0%         10d2      100%        8
 Simulacrum               Ice/Necr       Unusable   N/A       N/A         6

Dungeon Overview and Level Annotations

Branches:
Dungeon (12/15)            Temple (1/1) D:4            Lair (0/5) D:10
    Orc (0/2) D:9

Altars:
Ashenzari
Cheibriados
Dithmenos
Elyvilon
Fedhas
Gozag
Hepliaklqana
Kikubaaqudgha
Makhleb
Nemelex Xobeh
Okawaru
Qazlal
Ru
Sif Muna
Trog
Uskayaw
Vehumet
Wu Jian
Xom
Yredelemnul
Zin
The Shining One

Annotations:
D:11 3 runed translucent doors, Newt's ghost, journeyman DrSh; Shayle's ghost, journeyman OgSh; olddryhag's ghost, journeyman MiGl


Innate Abilities, Weirdness & Mutations

You have a pair of horns on your head.
You reflexively headbutt those who attack you in melee.


Message History

The manticore barely misses you. Something hits you!
* * * LOW HITPOINT WARNING * * *
You feel much better. The manticore bites you. The manticore misses you.
The manticore claws you!
* * * LOW HITPOINT WARNING * * *
Something hits you but does no damage.
You feel much better. The manticore barely misses you.
The manticore claws you but does no damage. x2
Something hits you but does no damage.
The meliai invokes the aid of its god against you.
Something smites you!
The manticore bites you but does no damage.
The manticore claws you. x2; Something hits you!
* * * LOW HITPOINT WARNING * * *
As you read the scroll of teleportation, it crumbles to dust.
You feel strangely unstable. The manticore bites you!
* * * LOW HITPOINT WARNING * * *
The manticore claws you.
* * * LOW HITPOINT WARNING * * *
The manticore barely misses you. Something hits you but does no damage.
You hit something. The manticore bites you.
* * * LOW HITPOINT WARNING * * *
The manticore claws you but does no damage. x2
Something hits you.
* * * LOW HITPOINT WARNING * * *
The manticore misses you. The manticore claws you.
* * * LOW HITPOINT WARNING * * *
The manticore completely misses you. Something hits you but does no damage.
You puncture something!
Reactivating autopickup.
The manticore disappears in a puff of smoke! x2
You feel a bit more experienced.
Your surroundings suddenly seem different.
A meliai comes into view. It is wielding a +0 hand axe.
Found an escape hatch in the ceiling.
The meliai buzzes angrily.
You hear an angry buzzing noise. x5
The meliai mumbles some strange prayers to its god against you.
Something smites you!
You die...
Your body crumbles into a pile of gold.

#.#### #.#.# #.
....###$#$######
#
......y..........
..####...........
##.#..#######
#.##..# #.#y##.#
#y# #.#.######
#!# #@....<.. .#
##..##### ..# ..#
..# ..# ..# ###


You could see a meliai.

Vanquished Creatures
  Kirke (D:12)
  Josephine (D:11)
  A boulder beetle (D:12)
  2 two-headed ogres
  Pikel (D:6)
  2 ugly things (D:11)
  A cyclops (D:11)
  Maurice (D:9)
  A gargoyle (D:11)
  A kobold demonologist (D:11)
  A queen bee (D:12)
  2 trolls
  6 wraiths (D:11)
  2 wyverns
  Eustachio (D:6)
  5 hogs (D:12)
  13 yaks
  Menkaure (D:6)
  A water moccasin (D:8)
  An acid dragon (D:9)
  2 orc warriors
  3 black bears
  A sky beast (D:7)
  An ice beast (D:7)
  An ogre (D:6)
  A phantom (D:5)
  6 centaurs
  A lemure (D:6)
  2 kobold brigands
  6 bullfrogs
  3 scorpions
  14 wights
  9 killer bees (D:12)
  A howler monkey (D:9)
  2 hounds
  A gnoll bouda (D:9)
  Crazy Yiuf (D:3)
  6 orc priests
  An iguana (D:6)
  3 jellies
  Jessica (D:3)
  Terence (D:3)
  7 orc wizards
  3 gnolls (D:9)
  10 adders
  A shadow imp (D:6)
  2 white imps (D:7)
  An ufetubus (D:6)
  A worm (D:3)
  A dart slug (D:4)
  21 orcs
  8 endoplasms
  2 giant cockroaches (D:1)
  4 goblins
  6 hobgoblins
  4 jackals (D:3)
  4 quokkas
  13 ball pythons
  7 bats
  3 frilled lizards
  14 kobolds
  10 rats
234 creatures vanquished.

Vanquished Creatures (others)
  A troll (D:10)
1 creature vanquished.

Grand Total: 235 creatures vanquished

Notes
Turn   | Place    | Note
-------+----------+-------------------------------------------
     0 | D:1      | Fodor the Minotaur Fighter began the quest for the Orb.
     0 | D:1      | Reached XP level 1. HP: 19/19 MP: 0/0
   527 | D:1      | Reached XP level 2. HP: 23/27 MP: 1/1
   910 | D:1      | You fall into a shaft and drop 1 floor!
  1310 | D:2      | Reached XP level 3. HP: 33/33 MP: 2/2
  1871 | D:3      | Noticed Jessica
  1878 | D:3      | Reached XP level 4. HP: 39/41 MP: 3/3
  1885 | D:3      | Killed Jessica
  2168 | D:3      | Noticed a scorpion
  2187 | D:3      | Killed a scorpion
  2188 | D:3      | Reached skill level 1 in Dodging
  2188 | D:3      | Reached XP level 5. HP: 38/47 MP: 4/4
  2338 | D:3      | Noticed Terence
  2342 | D:3      | Killed Terence
  2463 | D:3      | Found a runed translucent door.
  2464 | D:3      | Noticed Crazy Yiuf
  2515 | D:3      | Reached skill level 5 in Armour
  2650 | D:4      | Reached XP level 6. HP: 47/53 MP: 5/5
  3148 | D:4      | Found a staircase to the Ecumenical Temple.
  3174 | Temple   | Entered the Ecumenical Temple
  3306 | D:4      | Reached skill level 5 in Long Blades
  3306 | D:4      | Reached skill level 5 in Shields
  3638 | D:4      | Reached skill level 1 in Axes
  3690 | D:5      | Entered Level 5 of the Dungeon
  3821 | D:5      | Reached skill level 2 in Axes
  3876 | D:5      | Reached skill level 5 in Fighting
  3876 | D:5      | Reached XP level 7. HP: 32/61 MP: 6/6
  4041 | D:5      | Identified the +4 rapier of Bile {holy, *Slow rF+ rN+}
  4541 | D:6      | Reached skill level 3 in Axes
  4661 | D:6      | Noticed Eustachio
  4668 | D:6      | Killed Eustachio
  4669 | D:6      | Reached skill level 4 in Axes
  4763 | D:6      | Reached XP level 8. HP: 49/68 MP: 7/7
  4925 | D:6      | Reached skill level 5 in Axes
  4952 | D:6      | Reached skill level 6 in Axes
  5020 | D:6      | Noticed Menkaure
  5025 | D:6      | Killed Menkaure
  5168 | D:6      | Noticed Pikel
  5182 | D:6      | Killed Pikel
  5183 | D:6      | Reached skill level 7 in Axes
  5183 | D:6      | Reached XP level 9. HP: 65/75 MP: 8/8
  5410 | D:7      | Reached skill level 8 in Axes
  6190 | D:8      | Reached skill level 9 in Axes
  6190 | D:8      | Reached skill level 1 in Stealth
  6759 | D:9      | Reached XP level 10. HP: 70/86 MP: 9/9
  6764 | D:9      | Reached skill level 10 in Axes
  6819 | D:9      | Found an opulent altar of Gozag.
  6842 | D:9      | Found a bloodstained altar of Trog.
  6842 | D:9      | Noticed Maurice
  6922 | D:9      | Killed Maurice
  6923 | D:9      | Reached skill level 11 in Axes
  6943 | D:9      | Became a worshipper of Gozag Ym Sagoz the Greedy
  6989 | D:9      | Found a staircase to the Orcish Mines.
  7214 | D:10     | Entered Level 10 of the Dungeon
  7226 | D:10     | Reached skill level 10 in Armour
  7442 | D:10     | Found a staircase to the Lair.
  7850 | D:3      | Killed Crazy Yiuf
  8162 | D:10     | Noticed a two-headed ogre
  8176 | D:10     | Killed a two-headed ogre
  8177 | D:10     | Reached skill level 12 in Axes
  8473 | D:11     | Found a runed translucent gate.
  8473 | D:11     | Found a runed translucent gate.
  8473 | D:11     | Found a runed translucent gate.
  8475 | D:11     | Noticed Newt's ghost (journeyman DrSh)
  8475 | D:11     | Noticed olddryhag's ghost (journeyman MiGl)
  8475 | D:11     | Noticed Shayle's ghost (journeyman OgSh)
  8486 | D:11     | Noticed a two-headed ogre
  8492 | D:11     | Killed a two-headed ogre
  8579 | D:11     | Noticed a cyclops
  8588 | D:11     | Killed a cyclops
  8589 | D:11     | Reached skill level 1 in Polearms
  8589 | D:11     | Reached XP level 11. HP: 56/95 MP: 10/10
  8907 | D:11     | Noticed a red ugly thing
  8917 | D:11     | Killed a red ugly thing
  9184 | D:11     | Noticed a red ugly thing
  9193 | D:11     | Killed a red ugly thing
  9194 | D:11     | Reached skill level 5 in Polearms
  9196 | D:11     | Noticed Josephine
  9209 | D:11     | Killed Josephine
  9809 | D:12     | Noticed a boulder beetle
  9812 | D:12     | Noticed Kirke
  9831 | D:12     | Killed a boulder beetle
  9858 | D:12     | Killed Kirke
  9858 | D:12     | Killed from afar by a meliai

Illustrated notes

Levels and vault maps discovered:
D:1:      amcnicky_arrival_abandoned_market, layout_basic
D:2:      layout_rooms
D:3:      layout_loops_cross, serial_glass, glass_columns_a, glass_columns_a,
          item_on_display_a, due_unseen_surprise, minmay_strange_pillars,
          item_on_display_a, st_stairs_13, kennysheep_decorative_pillar,
          chequers_serial_rivers_marsh, serial_bayou_pond_c,
          uniq_crazy_yiuf_cottage, uniq_jessica, uniq_terence
D:4:      layout_basic, minmay_temple_entry_crystal_x
D:5:      layout_basic
D:6:      layout_basic, minmay_statues_item, uniq_menkaure, uniq_pikel,
          uniq_eustachio
D:7:      layout_loops_cross
D:8:      layout_basic, glass_columns_b
D:9:      layout_rooms, mainiacjoe_overflow_catwalk_spiral, orc_0_dummy,
          uniq_maurice
D:10:     layout_long_grid, lair_entry_dummy, minivault_22
D:11:     layout_basic, gammafunk_ghost_cemetery, uniq_josephine
D:12:     layout_loops_ring, portal_ice_cave_entry_ice_simulacra, minivault_7,
          uniq_jorgrun, uniq_kirke
Temple:   mainiacjoe_temple_cubbyholes

Skill      XL: |  1  2  3  4  5  6  7  8  9 10 11 |
---------------+----------------------------------+-----
Fighting       | 4 5 6 7 8 9 |  9.5
Shields        | 4 5 6 7 |  7.7
Armour         | 4 5 6 8 9 10 11 | 11.6
Long Blades    | 3 4 5 |  5.3
Dodging        | 1 2 3 4 |  4.5
Axes           | 2 4 7 9 12 | 12.6
Stealth        | 1 |  1.9
Polearms       | 1 8 |  8.0
Throwing       | |  0.3
Evocations     | |  0.1

Action                     |  1- 3 |  4- 6 |  7- 9 | 10-12 || total
---------------------------+-------+-------+-------+-------++-------
  Melee: Long sword        |    76 |    95 |       |       ||   171
         Headbutt          |    11 |    22 |    40 |    65 ||   138
         Broad axe         |       |    56 |   203 |   141 ||   400
         Halberd           |       |       |       |   172 ||   172
  Throw: Dart              |       |       |       |     3 ||     3
  Evoke: Wand              |       |       |       |     1 ||     1
    Use: Potion            |       |     2 |       |     8 ||    10
         Scroll            |       |       |     3 |     6 ||     9
   Stab: Distracted        |       |       |       |     4 ||     4
 Armour: Scale mail        |    38 |    42 |       |       ||    80
         Chain mail        |       |    65 |   191 |   198 ||   454
  Dodge: Dodged            |    44 |    61 |   126 |   164 ||   395
  Block: Buckler           |    26 |    37 |    64 |    26 ||   153

Table legend: (Time is in decaauts)
 A = Elapsed time spent in this place.
 B = Non-inter-level travel time spent in this place.
 C = Inter-level travel time spent in this place.
 D = Time resting spent in this place.
 E = Time spent auto-exploring this place.
 F = Levels seen in this place.
 G = Mean time per level.
                   A        B        C        D        E       F      G
               +--------+--------+--------+--------+--------+-----+--------+
         Total |  10095 |   9327 |    768 |    535 |      0 |  13 |  776.5 |
       Dungeon |  10014 |   9246 |    768 |    535 |      0 |  12 |  834.5 |
        Temple |     80 |     80 |      0 |      0 |      0 |   1 |   80.0 |
               +--------+--------+--------+--------+--------+-----+--------+

Top non-repeatable levels by time:
    D:11: 1426 daAuts
     D:1: 1273 daAuts
     D:3: 1068 daAuts
     D:4: 1020 daAuts
     D:6: 970 daAuts
     D:5: 916 daAuts
     D:7: 802 daAuts
    D:10: 774 daAuts
     D:8: 617 daAuts
     D:9: 524 daAuts
     D:2: 497 daAuts
    D:12: 122 daAuts
  Temple: 80 daAuts
